 Dungeon Crawl Stone Soup version 0.26.1-2-gb8aa6d0cf2 (webtiles) character file.

Game seed: 10046553072317247153

220 Gadfly the Agent of Entropy (level 6, -16/47 HPs)
             Began as a Formicid Abyssal Knight on Feb 10, 2021.
             Was a Priest of Lugonu.
             Demolished by Menkaure (18 damage)
             ... on level 4 of the Dungeon.
             The game lasted 00:08:51 (4027 turns).

Gadfly the Agent of Entropy (FoAK)                  Turns: 4027, Time: 00:08:52

Health: -16/47     AC: 10    Str: 18    XL:     6   Next: 18%
Magic:  8/8        EV:  5    Int: 12    God:    Lugonu [***...]
Gold:   215        SH:  9    Dex: 10    Spells: 5/5 levels left

rFire    . . .     SeeInvis +   a - +2 hand axe
rCold    . . .     Faith    .   l - +1 kite shield
rNeg     . . .     Spirit   .   f - +0 chain mail
rPois    .         Reflect  .   (helmet unavailable)
rElec    .         Harm     .   m - +0 cloak
rCorr    .         Rampage  .   (no gloves)
Will     .....                  (no boots)
Stlth    ..........             (no amulet)
HPRegen  0.15/turn              b - ring of teleportation (curse)
MPRegen  0.11/turn              (no ring)

@: no status effects
A: permanent stasis, dig shafts and tunnels, four strong arms, antennae 3
a: Dig, Shaft Self, Renounce Religion, Depart the Abyss, Bend Space, Banish


You were on level 4 of the Dungeon.
You worshipped Lugonu.
Lugonu was most pleased with you.
You visited 1 branch of the dungeon, and saw 4 of its levels.
You visited the Abyss 1 time.
You also visited: Sewer.

You collected 215 gold pieces.

Inventory:

Hand Weapons
 a - a +2 hand axe (weapon)
Armour
 f - a +0 chain mail (worn)
 l - a +1 kite shield (worn)
 m - a +0 cloak (worn)
Jewellery
 b - a cursed ring of teleportation (left hand)
 p - an uncursed amulet of guardian spirit
Scrolls
 d - a scroll of identify
 h - a scroll of enchant armour
Potions
 c - 2 potions of lignification
 e - 3 potions of curing
 g - 2 potions of might {unknown}
 i - a potion of cancellation
 j - a potion of heal wounds {unknown}
 k - a potion of attraction {unknown}
 q - a potion of mutation {unknown}


   Skills:
 + Level 3.4 Fighting
 * Level 3.3 Axes
 + Level 2.9 Armour
 - Level 0.8 Dodging
 * Level 2.8 Shields
 + Level 3.4 Invocations
 * Level 2.9 Evocations


You had 5 spell levels left.
You didn't know any spells.
Your spell library was empty.

Dungeon Overview and Level Annotations

Branches:
Dungeon (4/15)              Sewer (visited)
 Temple: D:4-7

Altars:
Okawaru
Uskayaw

Annotations:
D:4 Menkaure


Innate Abilities, Weirdness & Mutations

You cannot be hasted, slowed, berserked, paralysed or teleported.
You can dig through walls and to a lower floor.
Your four strong arms can wield two-handed weapons with a shield.
You have a pair of large antennae on your head. (SInv)


Message History

You are too injured to fight recklessly!
You are too injured to fight recklessly!
You are too injured to fight recklessly!
You are too injured to fight recklessly!
You are too injured to fight recklessly!
Unknown command.
You hit Menkaure but do no damage.
Menkaure is heavily damaged.
You block Menkaure's attack.
You hit Menkaure.
Menkaure is severely damaged.
Menkaure hits you. x2
You barely miss Menkaure.
Menkaure is severely damaged.
Menkaure hits you!
* * * LOW HITPOINT WARNING * * *
You hit Menkaure.
Menkaure is severely damaged.
Menkaure hits you!!
You die...

##..........<...##.....#
........................
#......................
#..............#.......
#......#.#.....##......
#.._..#.#.......## ##
#.#.###.#.####.[..
#..#..#..............###
.......@............##
[##....M##..........#
#......##..........#
#.......#..........####
#..#....#..............
#..#..#.....##......###
... ... ............##
.. .... ......#####.####
.. #.....


You could see Menkaure (fast).

Vanquished Creatures
  A scorpion (D:4)
  6 adders
  A worm (D:2)
  3 dart slugs
  2 leopard geckos
  5 orcs
  2 ball pythons (Sewer)
  8 bats
  5 giant cockroaches
  10 goblins
  12 hobgoblins
  16 jackals
  7 frilled lizards
  9 kobolds
  6 rats
93 creatures vanquished.

Vanquished Creatures (others)
  25 plants (Sewer)
25 creatures vanquished.

Grand Total: 118 creatures vanquished

Notes
Turn   | Place    | Note
-------+----------+-------------------------------------------
     0 | Abyss:1  | Gadfly the Formicid Abyssal Knight began the quest for the
                  | Orb.
     0 | Abyss:1  | Reached XP level 1. HP: 18/18 MP: 2/2
     7 | D:1      | Escaped the Abyss
   211 | D:1      | Reached XP level 2. HP: 24/24 MP: 3/3
   411 | D:1      | Reached skill level 1 in Evocations
   520 | D:1      | Reached skill level 1 in Shields
   520 | D:1      | Reached XP level 3. HP: 29/29 MP: 3/5
   551 | D:1      | Reached ** piety under Lugonu
  1250 | D:2      | Found a hide-covered altar of Uskayaw.
  1306 | D:2      | Reached XP level 4. HP: 30/35 MP: 6/6
  2118 | D:3      | Found a glowing drain.
  2123 | Sewer    | Entered a sewer
  2158 | Sewer    | Reached *** piety under Lugonu
  2648 | Sewer    | Reached XP level 5. HP: 40/41 MP: 7/7
  3791 | D:4      | Reached XP level 6. HP: 30/47 MP: 8/8
  4004 | D:4      | Found an iron altar of Okawaru.
  4014 | D:4      | Noticed Menkaure
  4026 | D:4      | HP: 2/47 [Menkaure (16)]
  4027 | D:4      | Demolished by Menkaure

Illustrated notes

Levels and vault maps discovered:
D:1:      amcnicky_arrival_gap_in_the_tavern_cellar, layout_loops_ring
D:2:      layout_basic, old_standard_altar, st_stairs_7
D:3:      corexii_shack_village, layout_basic, portal_sewer_entry_e,
          st_stairs_14, minmay_liquid_box
D:4:      layout_rooms, lemuel_crystal_altar, kennysheep_little_box,
          kennysheep_mini, general_overflow_altar, uniq_ijyb, uniq_menkaure

Skill      XL: |  1  2  3  4  5 |
---------------+----------------+-----
Evocations     | 1 2 |  2.9
Shields        | 1 2 |  2.8
Invocations    | 3 |  3.4
Axes           | 3 |  3.3
Fighting       | |  3.4
Armour         | |  2.9
Dodging        | |  0.8

Action                   |  1- 3 |  4- 6 || total
-------------------------+-------+-------++-------
Melee: Hand axe          |   109 |   260 ||   369
Invok: Bend Space        |       |     1 ||     1
 Abil: Dig               |       |     8 ||     8
  Use: Scroll            |     6 |     6 ||    12
       Potion            |       |     1 ||     1
Armor: Ring mail         |    54 |    11 ||    65
       Leather armour    |     1 |       ||     1
       Chain mail        |       |   128 ||   128
Dodge: Dodged            |    50 |    44 ||    94
Block: Kite shield       |    28 |   100 ||   128
